[Event "Titled Tuesday Blitz March 07 Early 2023"]
[White "Petrova, Irina"]
[Black "Kozin, Yuri"]
[WhiteFideId "14124122"]
[BlackFideId "4129920"]
[WhiteElo "2084"]
[BlackElo "2503"]
[Result "1-0"]
[Round "10"]
[TimeControl "180+2"]
[Date "2023.03.07"]
[WhiteClock "0:00:05"]
[BlackClock "0:00:08"]

1. e4 c5 2. Nf3 e6 3. c4 Nc6 4. Nc3 d6 5. d4 cxd4 6. Nxd4 Nf6 7. Be2 Be7 8. O-O O-O 9. Be3 Bd7 10. Qd2 Nxd4 11. Bxd4 Bc6 12. f3 a6 13. Rfd1 Rc8 14. Rac1 Nd7 15. Kh1 Ne5 16. b3 Re8 17. Qe3 Nd7 18. Qd2 Bg5 19. f4 Be7 20. Bf3 e5 21. Be3 exf4 22. Bxf4 Ne5 23. Nd5 Nxf3 24. gxf3 Bxd5 25. Qxd5 Rc5 26. Qd4 Rh5 27. Rg1 Bf8 28. Rcd1 Qa5 29. a4 g6 30. Rg2 Qb4 31. Qd3 Re6 32. Bd2 Qc5 33. Be3 Qc7 34. Bf4 Qb6 35. Rg5 Rxg5 36. Bxg5 Qf2 37. Qe3 Qc2 38. Rc1 Qb2 39. Qc3 Qf2 40. Qe3 Qa2 41. Rd1 Bg7 42. Bf4 Qa3 43. Qd3 Qb4 44. Bxd6 Qb6 45. Bg3 Re8 46. Kg2 h5 47. h4 Qf6 48. Rd2 Qa1 49. Rd1 Qa3 50. Rd2 Bf6 51. Qd7 Rd8 52. Qxd8+ Bxd8 53. Rxd8+ Kg7 54. Be5+ f6 55. Rd7+ Kf8 56. Bd6+ 1-0


[Site "https://www.chess.com"]

[Event "Titled Tuesday Blitz March 07 Early 2023"]
[White "Avazkhonov, Alikhon"]
[Black "Ezat, Mohamed"]
[WhiteFideId "14208504"]
[BlackFideId "10600906"]
[WhiteElo "1739"]
[BlackElo "2386"]
[Result "0-1"]
[Round "10"]
[TimeControl "180+2"]
[Date "2023.03.07"]
[WhiteClock "0:00:01"]
[BlackClock "0:01:14"]

1. d4 d6 2. e4 g6 3. Nc3 Bg7 4. f3 e6 5. Be3 Ne7 6. Qd2 Nd7 7. O-O-O a6 8. Kb1 b5 9. Bh6 Bf6 10. f4 Rg8 11. g4 Bb7 12. Bg2 Nb6 13. e5 Bxg2 14. Qxg2 Bh8 15. Nf3 Ned5 16. Nxd5 Nxd5 17. Qe2 c6 18. h4 Qa5 19. h5 Qb4 20. Ka1 Qa4 21. c3 b4 22. c4 b3 23. a3 Nb4 24. Kb1 Nc2 25. exd6 O-O-O 26. Ne5 Rxd6 27. Nxf7 Rxd4 28. Qxe6+ Kb7 29. Rxd4 Nxd4 30. Nd6+ Kb6 31. Qxg8 Nf3 32. Qb8+ Kc5 33. Ne4+ Kd4 34. Rd1+ Ke3 35. Qb6+ Ke2 36. Rc1 Bd4 37. Ng3+ Kd3 38. Qc7 Nd2+ 39. Ka1 Qxa3# 0-1


[Site "https://www.chess.com"]

[Event "Titled Tuesday Blitz March 07 Early 2023"]
[White "Shevtchenko, Olesya"]
[Black "Kalajzic, Ivan"]
[WhiteFideId "24131890"]
[BlackFideId "14506378"]
[WhiteElo "2003"]
[BlackElo "2203"]
[Result "0-1"]
[Round "10"]
[TimeControl "180+2"]
[Date "2023.03.07"]
[WhiteClock "0:00:12"]
[BlackClock "0:01:17"]

1. h4 Nc6 2. h5 h6 3. e4 e5 4. c3 d5 5. exd5 Qxd5 6. Qa4 Nf6 7. Qh4 Be7 8. Bc4 Qd6 9. d3 Be6 10. Nd2 O-O-O 11. Ngf3 Ng4 12. Bxe6+ Qxe6 13. Qh3 Rxd3 14. O-O Rhd8 15. Re1 Bc5 16. Ne4 Bb6 17. Be3 f5 18. Nc5 Bxc5 19. Bxc5 e4 20. Nd4 Nxd4 21. Qxd3 exd3 22. Bxd4 Qf7 23. Rad1 Qxh5 24. Rxd3 Qh2+ 25. Kf1 Qh1+ 26. Ke2 Re8+ 27. Be3 Qxg2 28. Kd1 Nxe3+ 29. fxe3 Qxb2 30. Re2 Qb1+ 31. Kd2 Rd8 32. Rd7 Rxd7# 0-1


[Site "https://www.chess.com"]

[Event "Titled Tuesday Blitz March 07 Early 2023"]
[White "Erzhanov, Arman"]
[Black "Koridze, Lile"]
[WhiteFideId "4138821"]
[BlackFideId "13612514"]
[WhiteElo "2138"]
[BlackElo "2047"]
[Result "1-0"]
[Round "10"]
[TimeControl "180+2"]
[Date "2023.03.07"]
[WhiteClock "0:01:43"]
[BlackClock "0:01:31"]

1. e4 c5 2. Nf3 d6 3. d4 cxd4 4. Qxd4 a6 5. Be2 Nc6 6. Qe3 g6 7. h3 Bg7 8. O-O Nf6 9. Rd1 O-O 10. c4 Qc7 11. Nc3 Rb8 12. Rb1 Be6 13. b3 h6 14. Bb2 Qa5 15. a3 b5 16. b4 Qc7 17. cxb5 axb5 18. Nxb5 Qb7 19. Nfd4 Nxd4 20. Nxd4 Qxe4 21. Nxe6 Qxe3 22. fxe3 fxe6 23. b5 Nd5 24. Bxg7 Kxg7 25. Rb3 Nf6 26. a4 Ne4 27. a5 Nc5 28. Rb4 e5 29. b6 Ra8 30. b7 Rab8 31. a6 e4 32. Rdb1 1-0


[Site "https://www.chess.com"]

[Event "Titled Tuesday Blitz March 07 Early 2023"]
[White "Karas, Marek"]
[Black "Pino Perez, Lazaro"]
[WhiteFideId "14928558"]
[BlackFideId "3517055"]
[WhiteElo "2233"]
[BlackElo "2170"]
[Result "0-1"]
[Round "10"]
[TimeControl "180+2"]
[Date "2023.03.07"]
[WhiteClock "0:00:04"]
[BlackClock "0:00:06"]

1. d4 d5 2. Nc3 Nf6 3. Bf4 Bf5 4. f3 h6 5. g4 Bh7 6. h4 c5 7. g5 cxd4 8. Qxd4 Nc6 9. Qa4 hxg5 10. hxg5 Bxc2 11. Rxh8 Bxa4 12. gxf6 exf6 13. Nxa4 Qa5+ 14. Nc3 d4 15. Bd6 Kd7 16. Rxf8 Rxf8 17. Bxf8 dxc3 18. O-O-O+ Ke8 19. Ba3 Qg5+ 20. e3 Qxg1 21. Bc5 cxb2+ 22. Kxb2 Qf2+ 23. Kc1 Qxa2 24. Bd3 Qa5 25. Bd6 Qa1+ 26. Kd2 Qa2+ 27. Ke1 Qd5 28. Be2 Qa5+ 29. Kf2 Ne5 30. Bxe5 fxe5 31. Rb1 b6 32. Rb5 Qc3 33. Rd5 f6 34. Rd3 Qc2 35. Ke1 Ke7 36. Rd2 Qc1+ 37. Rd1 Qc3+ 38. Kf2 a5 39. Rd3 Qc2 40. Rd5 a4 41. Rb5 a3 42. Rxb6 a2 43. Rb7+ Kf8 44. Rb8+ Kf7 45. Rb7+ Kg6 46. Ra7 Qb1 47. Kg3 a1=Q 48. Bd3+ Qxd3 49. Rxa1 Qxe3 50. Rf1 Qf4+ 51. Kg2 e4 52. fxe4 Qxe4+ 53. Kg1 Qg4+ 54. Kf2 Qf4+ 55. Kg1 Qxf1+ 56. Kxf1 Kf5 0-1


[Site "https://www.chess.com"]

[Event "Titled Tuesday Blitz March 07 Early 2023"]
[White "TimGrutter03"]
[Black "Osinovsky, Stepan"]
[BlackFideId "4157354"]
[WhiteElo "2489"]
[BlackElo "2222"]
[Result "0-1"]
[Round "10"]
[TimeControl "180+2"]
[Date "2023.03.07"]
[WhiteClock "0:00:02"]
[BlackClock "0:00:16"]

1. e4 e5 2. Nf3 Nc6 3. Bc4 Nf6 4. d3 Be7 5. O-O d5 6. exd5 Nxd5 7. Re1 Bg4 8. h3 Bh5 9. g4 Bg6 10. Nxe5 Nxe5 11. Rxe5 Nb6 12. Qe2 f6 13. Re3 Nxc4 14. dxc4 Kf7 15. Nc3 Qd7 16. Nd5 Bc5 17. Rf3 c6 18. Be3 Rhe8 19. Nc3 Bb4 20. Rd1 Qe6 21. Qd2 Rad8 22. Qxd8 Rxd8 23. Rxd8 Bxc3 24. bxc3 Be4 25. Rg3 Qxc4 26. Rd7+ Kg6 27. g5 f5 28. Bd4 f4 29. Rg4 Qe2 30. Rxg7+ Kh5 31. Rxf4 Qd1+ 32. Kh2 Qh1+ 33. Kg3 Qg2# 0-1


[Site "https://www.chess.com"]

[Event "Titled Tuesday Blitz March 07 Early 2023"]
[White "Estrada Nieto, Julian"]
[Black "Leve, Nitai"]
[WhiteFideId "5101018"]
[BlackFideId "2006898"]
[WhiteElo "2176"]
[BlackElo "2144"]
[Result "1-0"]
[Round "10"]
[TimeControl "180+2"]
[Date "2023.03.07"]
[WhiteClock "0:00:34"]
[BlackClock "0:00:03"]

1. e4 e6 2. d4 d5 3. Nd2 Nf6 4. e5 Nfd7 5. Bd3 c5 6. c3 Nc6 7. Ne2 cxd4 8. cxd4 f6 9. exf6 Nxf6 10. Nf3 Qc7 11. O-O Bd6 12. Bg5 O-O 13. Bh4 Nh5 14. Qc2 h6 15. Bh7+ Kh8 16. Bg6 Nf4 17. Nxf4 Rxf4 18. Bg3 Rf6 19. Rfe1 Bd7 20. Ne5 Raf8 21. Rac1 Qd8 22. Nxc6 Bxc6 23. Bh4 Qa5 24. Bxf6 Rxf6 25. a3 Qb6 26. Qd3 Bf4 27. Rc2 a6 28. Bh5 1-0


[Site "https://www.chess.com"]

[Event "Titled Tuesday Blitz March 07 Early 2023"]
[White "Carrasco Miranda, Andres"]
[Black "surrenderPLS"]
[WhiteFideId "3405990"]
[WhiteElo "2183"]
[BlackElo "2481"]
[Result "0-1"]
[Round "10"]
[TimeControl "180+2"]
[Date "2023.03.07"]
[WhiteClock "0:00:20"]
[BlackClock "0:00:38"]

1. d4 Nf6 2. c4 g6 3. g3 Bg7 4. Bg2 O-O 5. Nc3 d6 6. Nf3 c6 7. O-O Qb6 8. e4 Bg4 9. Rb1 Nfd7 10. Be3 Bxf3 11. Bxf3 c5 12. Nd5 Qd8 13. b4 cxd4 14. Bxd4 Bxd4 15. Qxd4 Nc6 16. Qc3 e6 17. Ne3 e5 18. Rfd1 Nd4 19. Rxd4 exd4 20. Qxd4 Qf6 21. Qxf6 Nxf6 22. Rd1 Rfd8 23. a4 Rac8 24. a5 Kg7 25. Kg2 h5 26. h3 Kf8 27. Rd4 Ke7 28. Be2 b6 29. a6 Rc6 30. b5 Rc5 31. f4 Kf8 32. e5 Ne8 33. Bf3 Rcc8 34. exd6 Rxd6 35. Bd5 Nf6 36. Kf3 Rc5 37. g4 hxg4+ 38. hxg4 Kg7 39. g5 Ne8 40. f5 f6 41. fxg6 Kxg6 42. Be4+ Kxg5 43. Nd5 f5 44. Bd3 Nf6 45. Rf4 Nxd5 46. Rxf5+ Kh6 47. cxd5 Rcxd5 48. Rxd5 Rxd5 49. Ke4 Rc5 50. Kd4 Kg5 51. Be4 Rxb5 52. Bb7 Rc5 0-1


[Site "https://www.chess.com"]

[Event "Titled Tuesday Blitz March 07 Early 2023"]
[White "Tarasova, Viktoriya"]
[Black "Khamdamova, Afruza"]
[WhiteFideId "4175840"]
[BlackFideId "14210444"]
[WhiteElo "2182"]
[BlackElo "2210"]
[Result "0-1"]
[Round "10"]
[TimeControl "180+2"]
[Date "2023.03.07"]
[WhiteClock "0:00:05"]
[BlackClock "0:01:05"]

1. d4 Nf6 2. c4 e6 3. Nc3 Bb4 4. Nf3 b6 5. e3 Bb7 6. Bd3 Bxc3+ 7. bxc3 O-O 8. O-O d6 9. Nd2 Nbd7 10. f4 c5 11. Qe2 d5 12. cxd5 Nxd5 13. Bb2 Rc8 14. e4 N5f6 15. e5 Nd5 16. Ne4 cxd4 17. cxd4 Ba8 18. Nd6 Rc7 19. f5 Qg5 20. Bc1 Rxc1 21. Raxc1 Nf4 22. Rxf4 Qxf4 23. Rc7 Qxd4+ 24. Kh1 Nxe5 25. Bc2 Qxd6 0-1


[Site "https://www.chess.com"]

[Event "Titled Tuesday Blitz March 07 Early 2023"]
[White "Abdilkhair, Abilmansur"]
[Black "Harriott, Tyrell"]
[WhiteFideId "13716417"]
[BlackFideId "2086484"]
[WhiteElo "2216"]
[BlackElo "2107"]
[Result "0-1"]
[Round "10"]
[TimeControl "180+2"]
[Date "2023.03.07"]
[WhiteClock "0:00:08"]
[BlackClock "0:00:10"]

1. d4 e6 2. c4 d5 3. Nc3 f5 4. Nf3 c6 5. g3 Bd6 6. Bg2 Nf6 7. O-O O-O 8. Rb1 a5 9. Qc2 Ne4 10. a3 Qe7 11. Bf4 Bxf4 12. gxf4 Nd7 13. b4 Nb6 14. Ne5 axb4 15. axb4 Nd7 16. Kh1 Qh4 17. Nxe4 fxe4 18. e3 Nxe5 19. dxe5 g5 20. f3 gxf4 21. fxe4 fxe3 22. Rxf8+ Kxf8 23. Rf1+ Kg8 24. cxd5 exd5 25. exd5 Bg4 26. dxc6 e2 27. Qc4+ Kh8 28. cxb7 exf1=Q+ 29. Qxf1 Rb8 30. h3 Be6 31. Qa6 Bxh3 32. Qd6 Bxg2+ 33. Kxg2 Rg8+ 34. Kf3 Qg4+ 35. Ke3 Qg3+ 36. Kd4 Qg4+ 37. Kd5 Qf3+ 38. Ke6 Qxb7 39. Qd4 Qg7 40. Kd6 Rd8+ 41. Kc5 Rxd4 42. Kxd4 Qb7 43. Kc5 Kg7 44. Kd6 Kf7 45. e6+ Ke8 46. Kc5 Ke7 47. b5 Kxe6 48. b6 Kd7 49. Kb5 Kd6 50. Ka5 Kc5 0-1


[Site "https://www.chess.com"]

[Event "Titled Tuesday Blitz March 07 Early 2023"]
[White "Tsatsalashvili, Keti"]
[Black "Womacka, Mathias"]
[WhiteFideId "13603434"]
[BlackFideId "4611390"]
[WhiteElo "2220"]
[BlackElo "2377"]
[Result "0-1"]
[Round "10"]
[TimeControl "180+2"]
[Date "2023.03.07"]
[WhiteClock "0:00:27"]
[BlackClock "0:00:16"]

1. d4 Nf6 2. c4 e6 3. Nf3 Bb4+ 4. Nbd2 O-O 5. g3 b6 6. Bg2 Bb7 7. O-O Be7 8. Qc2 c5 9. e4 d5 10. e5 Nfd7 11. cxd5 Bxd5 12. dxc5 Nxc5 13. h4 Nc6 14. a3 a5 15. Rd1 a4 16. Nf1 Qc7 17. Ne3 Bb3 18. Qe2 Bxd1 19. Nxd1 Nb3 20. Rb1 Rad8 21. Bg5 Ncd4 22. Nxd4 Nxd4 23. Qg4 Bxg5 24. hxg5 Qxe5 25. Ne3 Nf5 26. Nxf5 Qxf5 27. Qxf5 exf5 28. Bc6 Rd4 29. Re1 Rfd8 30. Re7 Rd2 31. Bxa4 Rxb2 32. Bc6 g6 33. a4 Rdd2 34. f4 Rd1+ 0-1


[Site "https://www.chess.com"]

[Event "Titled Tuesday Blitz March 07 Early 2023"]
[White "Dudzinski, Pawel"]
[Black "Szente Varga, Fruzsina"]
[WhiteFideId "1117890"]
[BlackFideId "712264"]
[WhiteElo "2099"]
[BlackElo "1994"]
[Result "1-0"]
[Round "10"]
[TimeControl "180+2"]
[Date "2023.03.07"]
[WhiteClock "0:00:43"]
[BlackClock "0:00:02"]

1. e4 Nf6 2. Nc3 d5 3. e5 Nfd7 4. f4 e6 5. Nf3 c5 6. d4 Nc6 7. Be3 Qb6 8. Qd2 cxd4 9. Nxd4 Bc5 10. O-O-O Bxd4 11. Bxd4 Qxd4 12. Qxd4 Nxd4 13. Rxd4 O-O 14. Nb5 Nc5 15. Nd6 Bd7 16. Bd3 f6 17. b4 fxe5 18. fxe5 Nxd3+ 19. Rxd3 Rf4 20. c3 Rf2 21. Rd2 Raf8 22. Nxb7 Rxd2 23. Kxd2 Rf2+ 24. Ke3 Rxa2 25. Nc5 Bc8 26. g4 Kf7 27. Rf1+ Ke7 28. Rf2 Ra1 29. Nd3 Ba6 30. Nc5 Bc4 31. h4 a5 32. bxa5 Rxa5 33. Kd4 Ra2 34. Rxa2 Bxa2 35. Nb7 Bc4 36. Kc5 Be2 37. g5 h6 38. gxh6 gxh6 39. Na5 Kd7 40. Kb6 Bd3 41. Nc6 Bf1 42. Nb8+ Ke7 43. Kc7 Bc4 44. Nc6+ Kf7 45. Kd6 Kg6 46. Nd4 Kh5 47. Nxe6 Kxh4 48. Nf4 Kg5 49. Nxd5 h5 50. e6 h4 51. e7 Bb5 52. c4 Be8 53. Ne3 h3 54. Nf1 Kf6 55. c5 Kf7 56. Nh2 Kf6 57. Nf3 Kf7 58. Ng5+ Kf6 59. Nxh3 1-0


[Site "https://www.chess.com"]

[Event "Titled Tuesday Blitz March 07 Early 2023"]
[White "Alhadad, Mahmoud"]
[Black "Manukian, Artak"]
[WhiteFideId "11501863"]
[BlackFideId "13301373"]
[WhiteElo "1955"]
[BlackElo "2130"]
[Result "0-1"]
[Round "10"]
[TimeControl "180+2"]
[Date "2023.03.07"]
[WhiteClock "0:00:03"]
[BlackClock "0:00:17"]

1. e4 c6 2. d4 d5 3. exd5 cxd5 4. Bd3 Nc6 5. c3 g6 6. Bf4 Bg7 7. Nf3 Bg4 8. O-O Nf6 9. Nbd2 O-O 10. Qe1 Bxf3 11. Nxf3 e6 12. Ne5 Nxe5 13. Bxe5 Nd7 14. Bxg7 Kxg7 15. f4 Rb8 16. Rf3 b5 17. a3 a5 18. Rh3 Rh8 19. g4 h6 20. b4 Qc7 21. Qd2 Nf6 22. f5 exf5 23. gxf5 g5 24. Rg3 axb4 25. axb4 Rhg8 26. Kh1 Qc6 27. Ra7 Ra8 28. Rxa8 Rxa8 29. Qe2 Qxc3 30. Bxb5 Qxd4 31. h4 Qxh4+ 32. Kg2 Qxb4 33. Bc6 Rc8 34. Bb5 Qe4+ 35. Qxe4 dxe4 36. Re3 Rc5 37. Ba4 Rxf5 38. Bc2 Rf4 39. Kg3 h5 40. Kh3 h4 41. Kh2 Ng4+ 42. Kh3 Nxe3 43. Bxe4 Rxe4 0-1


[Site "https://www.chess.com"]

[Event "Titled Tuesday Blitz March 07 Early 2023"]
[White "Postnikov, Artem"]
[Black "Tsyhanchuk, Stanislav"]
[WhiteFideId "34153575"]
[BlackFideId "13505130"]
[WhiteElo "2243"]
[BlackElo "2173"]
[Result "1-0"]
[Round "10"]
[TimeControl "180+2"]
[Date "2023.03.07"]
[WhiteClock "0:00:38"]
[BlackClock "0:00:10"]

1. d4 Nf6 2. c4 Nc6 3. Nf3 e6 4. g3 Bb4+ 5. Nbd2 d6 6. Bg2 e5 7. d5 Ne7 8. Qa4+ Bd7 9. Qxb4 O-O 10. O-O c6 11. Qxd6 e4 12. Ne5 Nf5 13. Qa3 e3 14. fxe3 Ne7 15. dxc6 Nxc6 16. Nxd7 Qxd7 17. Nf3 Ng4 18. e4 Qe6 19. h3 Nf6 20. e5 Ne4 21. Bf4 Qxc4 22. Qd3 Qxd3 23. exd3 Nc5 24. d4 Nd3 25. d5 Ne7 26. d6 Ng6 27. Rfd1 Ndxf4 28. gxf4 Nxf4 29. d7 Rfd8 30. Rac1 Kf8 31. Rc7 Rab8 32. Nd4 Ke7 33. Bxb7 g6 34. Nc6+ Ke6 35. Nxb8 Kxe5 36. Nc6+ Ke6 37. Nxd8+ Ke7 38. Nc6+ Kf6 39. d8=Q+ Kf5 40. Ne7+ Ke5 41. Qd6# 1-0


[Site "https://www.chess.com"]

[Event "Titled Tuesday Blitz March 07 Early 2023"]
[White "Bashirli, Saadat"]
[Black "Iskusnyh, Sergei"]
[WhiteFideId "13429990"]
[BlackFideId "4120027"]
[WhiteElo "1408"]
[BlackElo "2492"]
[Result "0-1"]
[Round "10"]
[TimeControl "180+2"]
[Date "2023.03.07"]
[WhiteClock "0:01:11"]
[BlackClock "0:01:42"]

1. e4 e6 2. d4 d5 3. Nc3 Nf6 4. Bg5 dxe4 5. Nxe4 Nbd7 6. Bd3 c5 7. Bxf6 gxf6 8. dxc5 Nxc5 9. Nxc5 Bxc5 10. Bb5+ Ke7 11. Qxd8+ Rxd8 12. Ne2 a6 13. Bd3 Bb4+ 14. c3 Rxd3 15. cxb4 Bd7 16. Rc1 Bc6 17. f3 Rg8 18. Kf2 Rd2 19. Rhd1 Rxb2 20. a3 f5 21. Rc5 Bb5 22. Re1 Bxe2 23. Rxe2 Rxe2+ 24. Kxe2 Rxg2+ 25. Kd3 Rxh2 26. Rc7+ Kf6 27. Rxb7 Ra2 28. b5 Rxa3+ 29. Kc4 axb5+ 30. Rxb5 Rxf3 31. Kd4 0-1


[Site "https://www.chess.com"]

[Event "Titled Tuesday Blitz March 07 Early 2023"]
[White "Oro, Faustino"]
[Black "Jovic, Stanoje"]
[WhiteFideId "20000197"]
[BlackFideId "905020"]
[WhiteElo "1984"]
[BlackElo "2236"]
[Result "1-0"]
[Round "10"]
[TimeControl "180+2"]
[Date "2023.03.07"]
[WhiteClock "0:00:03"]
[BlackClock "0:00:15"]

1. e4 c6 2. d4 d5 3. e5 c5 4. dxc5 e6 5. Nf3 Bxc5 6. Bd3 Ne7 7. O-O Ng6 8. Nbd2 a5 9. Nb3 Bb6 10. a4 Nc6 11. Re1 O-O 12. Be3 Bd7 13. Bxg6 fxg6 14. Nbd4 Nxd4 15. Bxd4 Rc8 16. c3 Bc5 17. Bxc5 Rxc5 18. Nd4 Rc4 19. Qb3 Qh4 20. g3 Qh3 21. Qxb7 Bc8 22. Qe7 h6 23. Nb5 Rf7 24. Qd6 h5 25. Re3 h4 26. b3 Rxf2 27. Kxf2 Qxh2+ 28. Ke1 Rg4 29. Qd8+ Kh7 30. Re2 Qg1+ 31. Kd2 Qxa1 32. Qxc8 Qb2+ 33. Ke1 hxg3 34. Rxb2 g2 35. Rxg2 Rxg2 36. Qxe6 Rg3 37. Qxd5 g5 38. Nd4 g4 39. e6 Re3+ 40. Kd2 g3 41. Qh5+ Kg8 42. Kxe3 g2 43. Kf2 g1=Q+ 44. Kxg1 g6 45. Qxg6+ Kh8 46. Qh6+ Kg8 47. Qg5+ Kh7 48. Nf5 Kh8 49. Qg7# 1-0


[Site "https://www.chess.com"]

[Event "Titled Tuesday Blitz March 07 Early 2023"]
[White "Sadubayev, Airat"]
[Black "Alahakoon, Isuru"]
[WhiteFideId "13713264"]
[BlackFideId "9900993"]
[WhiteElo "2129"]
[BlackElo "1995"]
[Result "1-0"]
[Round "10"]
[TimeControl "180+2"]
[Date "2023.03.07"]
[WhiteClock "0:00:05"]
[BlackClock "0:00:10"]

1. d4 d5 2. c4 e6 3. Nf3 Nf6 4. g3 Bb4+ 5. Bd2 Bd6 6. Bg2 c6 7. O-O O-O 8. Qc2 Nbd7 9. Rd1 Ne4 10. Be1 f5 11. Nbd2 Qf6 12. cxd5 exd5 13. Nb3 g5 14. Bd2 f4 15. Be1 g4 16. Nfd2 Nxd2 17. Nxd2 fxg3 18. hxg3 Bxg3 19. fxg3 Qxd4+ 20. Kh2 Qb6 21. Nf1 Ne5 22. Bc3 Bf5 23. Qd2 Ng6 24. Qd4 Qc7 25. e4 Bxe4 26. Bxe4 dxe4 27. Re1 Rf2+ 28. Qxf2 Rf8 29. Qe3 Qf7 30. Nd2 Qf5 31. Rf1 Qh5+ 32. Kg1 Rf3 33. Nxf3 gxf3 34. Qd4 Qh3 35. Qg7# 1-0


[Site "https://www.chess.com"]

[Event "Titled Tuesday Blitz March 07 Early 2023"]
[White "MrAnnihilation"]
[Black "Belov, Alexei"]
[BlackFideId "4128206"]
[WhiteElo "2353"]
[BlackElo "2543"]
[Result "0-1"]
[Round "10"]
[TimeControl "180+2"]
[Date "2023.03.07"]
[WhiteClock "0:00:12"]
[BlackClock "0:00:45"]

1. e4 e6 2. d3 d5 3. Qe2 Nf6 4. Nf3 Nc6 5. c3 e5 6. b4 a6 7. a3 Bg4 8. h3 Bh5 9. g4 Bg6 10. Bg2 dxe4 11. dxe4 Bxe4 12. Nxe5 Nxe5 13. Bxe4 Nxe4 14. Qxe4 Qe7 15. O-O O-O-O 16. f4 Nd3 17. Qxe7 Bxe7 18. Be3 h5 19. g5 Nb2 20. Bd4 f6 21. h4 Nc4 22. Ra2 b6 23. Re2 Rhe8 24. Rfe1 Kd7 25. a4 c5 26. bxc5 bxc5 27. Bf2 Bd6 28. Rxe8 Rxe8 29. Rxe8 Kxe8 30. f5 fxg5 31. hxg5 Bf4 32. g6 Bd6 33. Kg2 Ke7 34. Kh3 Kf6 35. Kh4 Kxf5 36. Kxh5 Ke4 37. Bh4 Be5 38. Be1 Kd3 39. Kg5 Kc2 0-1


[Site "https://www.chess.com"]

[Event "Titled Tuesday Blitz March 07 Early 2023"]
[White "Pinheiro, Iung Alicio de O."]
[Black "Seletsky, Grigory"]
[WhiteFideId "2104350"]
[BlackFideId "14112191"]
[WhiteElo "2283"]
[BlackElo "2490"]
[Result "1-0"]
[Round "10"]
[TimeControl "180+2"]
[Date "2023.03.07"]
[WhiteClock "0:00:07"]
[BlackClock "0:00:08"]

1. Nf3 d5 2. g3 Nf6 3. Bg2 c6 4. O-O Bg4 5. c4 Nbd7 6. cxd5 cxd5 7. Nc3 e6 8. Qb3 Qb6 9. Qa4 a6 10. Ne5 Bf5 11. d3 Bd6 12. Nxd7 Nxd7 13. e4 dxe4 14. dxe4 Bg6 15. Rd1 Rd8 16. Be3 Qc7 17. Rac1 Qb8 18. Bb6 Ke7 19. Bxd8+ Rxd8 20. f4 Nc5 21. Qd4 b6 22. Qxg7 Nd7 23. e5 Bc5+ 24. Kh1 Rg8 25. Qh6 Be3 26. Rc2 Nxe5 27. Qh4+ f6 28. fxe5 Qxe5 29. Re2 Bh5 30. Rxe3 Qxe3 31. Qxh5 Rg7 32. Qh4 h5 33. Qb4+ Kf7 34. Rd7+ Kg8 35. Rxg7+ Kxg7 36. Qc4 b5 37. Qf1 f5 38. Ne2 Qd2 39. Nf4 Kf7 40. Nxh5 Qxb2 41. g4 Qe5 42. gxf5 exf5 43. Ng3 Kg6 44. Bh3 f4 45. Ne2 Qe4+ 46. Bg2 Qe3 47. Nxf4+ Kg5 48. Nd5 Qd2 49. Qf6+ Kg4 50. Bf3+ Kh3 51. Qf5+ Kh4 52. Qg4# 1-0


[Site "https://www.chess.com"]

[Event "Titled Tuesday Blitz March 07 Early 2023"]
[White "Vifleemskaia, Svetlana"]
[Black "Kaplan, Avi Harrison"]
[WhiteFideId "4129490"]
[BlackFideId "30934559"]
[WhiteElo "1930"]
[BlackElo "1983"]
[Result "0-1"]
[Round "10"]
[TimeControl "180+2"]
[Date "2023.03.07"]
[WhiteClock "0:00:03"]
[BlackClock "0:00:05"]

1. d4 g6 2. c4 Bg7 3. e4 d6 4. Nc3 f5 5. h4 e5 6. d5 Nf6 7. h5 Nxh5 8. Rxh5 gxh5 9. Qxh5+ Kf8 10. exf5 Qe8 11. Qf3 Qf7 12. Bd3 Na6 13. Nge2 Nc5 14. Bc2 a5 15. g4 Bd7 16. g5 e4 17. Nxe4 Qxf5 18. Qxf5+ Bxf5 19. N2g3 Bxe4 20. Nxe4 Re8 21. f3 a4 22. Kf2 a3 23. Rb1 Nxe4+ 24. Bxe4 axb2 25. Bxb2 Bxb2 26. Rxb2 b6 27. Kg3 Kg7 28. Kg4 Ra8 29. Rh2 Ra4 30. Bd3 b5 31. Rc2 bxc4 32. Bxc4 c6 33. Kg3 c5 34. Bb3 Rd4 35. Re2 Rg8 36. f4 c4 37. Bc2 Rf8 38. Re7+ Rf7 39. Rxf7+ Kxf7 40. f5 Rxd5 41. g6+ hxg6 42. fxg6+ Kg7 43. Kf4 Rd2 0-1


[Site "https://www.chess.com"]

[Event "Titled Tuesday Blitz March 07 Early 2023"]
[White "Zampronha, Wladimir Camilo"]
[Black "Cella, Glaucio Dalla Cortt"]
[WhiteFideId "2103087"]
[BlackFideId "2119455"]
[WhiteElo "2176"]
[BlackElo "2011"]
[Result "0-1"]
[Round "10"]
[TimeControl "180+2"]
[Date "2023.03.07"]
[WhiteClock "0:01:08"]
[BlackClock "0:01:41"]

1. e4 c5 2. Nf3 e6 3. d4 cxd4 4. Nxd4 Nf6 5. Nc3 Bb4 6. e5 Nd5 7. Bd2 Nxc3 8. bxc3 Be7 9. Qg4 g6 10. Qg3 Nc6 11. Bh6 Qa5 12. Nxc6 dxc6 13. Bg7 Rg8 14. Bf6 Bxf6 15. exf6 Qc5 16. Be2 e5 17. O-O Qd6 18. Qh4 Bf5 19. Rad1 g5 20. Rxd6 gxh4 21. Re1 Rd8 22. Rxd8+ Kxd8 23. Bf1 e4 24. f3 exf3 25. Re7 fxg2 26. Bc4 h3 27. Rxf7 Re8 28. Rxb7 Re1+ 29. Kf2 g1=Q+ 0-1


[Site "https://www.chess.com"]

[Event "Titled Tuesday Blitz March 07 Early 2023"]
[White "Hernandez Sanchez, Elvis De La Caridad"]
[Black "Liu, Kelsey"]
[WhiteFideId "6400353"]
[BlackFideId "30944481"]
[WhiteElo "2452"]
[BlackElo "2298"]
[Result "1-0"]
[Round "10"]
[TimeControl "180+2"]
[Date "2023.03.07"]
[WhiteClock "0:01:56"]
[BlackClock "0:01:44"]

1. e4 c5 2. Nf3 e6 3. d4 cxd4 4. Nxd4 Nc6 5. Nc3 Nf6 6. Ndb5 d6 7. Bf4 e5 8. Bg5 a6 9. Na3 b5 10. Nd5 Be7 11. Bxf6 Bxf6 12. c3 Rb8 13. Nc2 Bg5 14. h4 Bxh4 15. g3 Bg5 16. Bh3 Bxh3 17. Rxh3 Ne7 18. Ncb4 Qb6 19. Nxb6 1-0


[Site "https://www.chess.com"]

[Event "Titled Tuesday Blitz March 07 Early 2023"]
[White "Hoffmann, Asa"]
[Black "Bruned, Boris"]
[WhiteFideId "2001470"]
[BlackFideId "621790"]
[WhiteElo "2117"]
[BlackElo "2049"]
[Result "1/2-1/2"]
[Round "10"]
[TimeControl "180+2"]
[Date "2023.03.07"]
[WhiteClock "0:00:38"]
[BlackClock "0:00:09"]

1. d4 b6 2. e4 Bb7 3. Bd3 e6 4. Qe2 d5 5. Nd2 dxe4 6. Bxe4 Bxe4 7. Qxe4 Qd5 8. Ngf3 Qxe4+ 9. Nxe4 Nd7 10. Bf4 Rc8 11. O-O-O Ngf6 12. Nc3 a6 13. d5 Nxd5 14. Nxd5 exd5 15. Rxd5 Be7 16. Re1 f6 17. Nd4 c6 18. Rh5 Kf7 19. Nf5 Bb4 20. c3 Kg6 21. g4 Bc5 22. f3 Rhe8 23. Rd1 Rcd8 24. b4 Bf8 25. Nd6 Bxd6 26. Bxd6 Ne5 27. Bxe5 Rxd1+ 28. Kxd1 fxe5 29. Rf5 e4 30. f4 h5 31. h3 hxg4 32. hxg4 Rh8 33. Ke2 Rh2+ 34. Ke3 Rxa2 35. Kxe4 Re2+ 36. Kd3 Rg2 37. Re5 Rxg4 38. Re6+ Kf5 39. Rxc6 Rg6 40. Rc7 b5 41. c4 bxc4+ 42. Rxc4 Rf6 43. Ke3 Re6+ 44. Kf3 g6 45. Rc5+ Kf6 46. Ra5 Rd6 47. Kg4 Rb6 48. Rc5 Re6 49. b5 axb5 50. Rxb5 Rd6 51. Rb8 Re6 52. Rf8+ Kg7 53. Rd8 Kf6 54. Rd5 Rc6 55. Rd4 Re6 56. Rc4 Rd6 57. Rb4 Re6 58. Rc4 Rd6 59. Rb4 Re6 60. Rc4 1/2-1/2


[Site "https://www.chess.com"]

[Event "Titled Tuesday Blitz March 07 Early 2023"]
[White "Pein, Jonathan"]
[Black "Torres Hernandez, Leslie Carolin"]
[WhiteFideId "417092"]
[BlackFideId "8400504"]
[WhiteElo "2151"]
[BlackElo "1920"]
[Result "1-0"]
[Round "10"]
[TimeControl "180+2"]
[Date "2023.03.07"]
[WhiteClock "0:00:46"]
[BlackClock "0:00:07"]

1. e4 e6 2. d4 d5 3. Nd2 c5 4. exd5 exd5 5. Bb5+ Nc6 6. Ngf3 Bd6 7. dxc5 Bxc5 8. O-O Ne7 9. Nb3 Bd6 10. Bg5 O-O 11. Bh4 Qc7 12. Bg3 Rd8 13. Re1 Bg4 14. Bxd6 Rxd6 15. h3 Bh5 16. Be2 Rg6 17. Nbd4 Qf4 18. Nxc6 bxc6 19. Qd4 Qxd4 20. Nxd4 Bxe2 21. Rxe2 Kf8 22. Rae1 Re8 23. b4 Rd6 24. f3 g6 25. Kf2 a5 26. c3 axb4 27. cxb4 f5 28. a4 Kf7 29. a5 h5 30. h4 f4 31. a6 Rdd8 32. Rxe7+ Rxe7 33. Rxe7+ Kxe7 34. Nxc6+ Kd7 35. Nxd8 Kxd8 36. a7 Kc7 37. a8=Q 1-0


[Site "https://www.chess.com"]